 Dungeon Crawl Stone Soup version 0.21-a0-522-ga8338f0 (webtiles) character file.

135 slep the Covered (level 5, -2/42 HPs)
             Began as a Barachi Fighter on Dec 7, 2017.
             Slain by a phantom (7 damage)
             ... on level 3 of the Dungeon.
             The game lasted 00:04:10 (1330 turns).

slep the Covered (Barachi Fighter)                  Turns: 1330, Time: 00:04:10

Health: -2/42      AC:  7    Str: 17    XL:     5   Next: 18%
Magic:  14/14      EV:  8    Int:  9    God:
Gold:   93         SH:  9    Dex: 12    Spells: 4/4 levels left

rFire    . . .     SeeInvis .   a - +0 war axe
rCold    + . .     Gourm    .   c - +0 shield
rNeg     . . .     Faith    .   l - +0 ring mail (curse)
rPois    .         Spirit   .   (no helmet)
rElec    .         Reflect  .   (no cloak)
rCorr    .         Harm     .   i - +0 pair of gloves
MR       .....                  (no boots)
Stlth    +.........             (no amulet)
HPRegen  0.14/turn              h - ring of protection from cold
MPRegen  0.14/turn              u - ring of magical power

@: slow
A: +LOS, swims, slowness 1, strong legs 1
a: Hop


You were on level 3 of the Dungeon.
You were not hungry.

You visited 1 branch of the dungeon, and saw 3 of its levels.

You collected 93 gold pieces.

Inventory:

Hand Weapons
 a - a +0 war axe (weapon)
Missiles
 e - 8 tomahawks (quivered)
Armour
 b - a +0 scale mail
 c - a +0 shield (worn)
 i - a +0 pair of gloves (worn)
 l - a cursed +0 ring mail (worn)
Jewellery
 h - a ring of protection from cold (left hand)
 u - a ring of magical power (right hand)
Wands
 m - a wand of flame (33)
Scrolls
 g - 2 scrolls of remove curse {unknown}
 j - a scroll of fog {unknown}
 k - a scroll of random uselessness {unknown}
 r - a scroll of amnesia {unknown}
 s - a scroll of identify {unknown}
 v - a scroll of fear {unknown}
Potions
 d - a potion of might
 o - a potion of ambrosia {unknown}
 q - a potion of brilliance {unknown}
 t - a potion of flight {unknown}
Comestibles
 f - a bread ration
 n - a fruit
 p - a meat ration
 w - 2 chunks of flesh


   Skills:
 + Level 4.2 Fighting
 + Level 3.9 Axes
 + Level 4.6 Armour
 + Level 0.4 Dodging
 + Level 0.1 Stealth
 + Level 3.9 Shields


You had 4 spell levels left.
You didn't know any spells.

Dungeon Overview and Level Annotations

Branches:
Dungeon (3/15)

Altars:
Wu Jian


Innate Abilities, Weirdness & Mutations

Shadows flee at your approach. (+LOS)
You can swim through water.
You cover ground slowly.
You can hop short distances.


Message History

The phantom hits you.
You closely miss the phantom.
The phantom is moderately damaged.
The phantom hits you but does no damage.
You barely miss the phantom.
The phantom is moderately damaged.
The phantom barely misses you.
You hit the phantom.
The phantom is heavily damaged.
The phantom hits you!
* * * LOW HITPOINT WARNING * * *
You block the phantom's attack.
You closely miss the phantom.
The phantom is heavily damaged.
The phantom hits you.
* * * LOW HITPOINT WARNING * * *
You closely miss the phantom.
The phantom is heavily damaged.
The phantom hits you!
You die...

##### ###############.....
#...................
#######'#########.....###
#§≈≈≈§§.≈§§≈≈≈###.#.......
#§..(..§§)W..≈#...#<#..##.
#≈.....§§.@..§#.....>..#
#≈....§≈..†..≈##..#.##.#
#≈..≈..≈..≈.)§###.#.#.#
#≈!.≈..≈..§..≈# #....#
#≈..≈≈≈≈≈§≈.§§# #<#.##
#≈..≈hh≈.r≈.§§# #.#...
#≈..§.w≈..≈.§≈# #.#####
#≈.....≈.....≈# #.#
≈....§≈$....≈# #.#


You could see a phantom, a worm, a quokka and 2 jackals.

Vanquished Creatures
  A jelly (D:2)
  4 adders
  2 oozes
  2 worms (D:2)
  2 dart slugs
  2 leopard geckos (D:1)
  An orc (D:3)
  4 bats
  6 giant cockroaches
  5 goblins
  4 hobgoblins
  5 jackals
  3 kobolds
  3 frilled lizards
  2 rats (D:2)
46 creatures vanquished.

Notes
Turn   | Place    | Note
-------+----------+-------------------------------------------
     0 | D:1      | slep the Barachi Fighter began the quest for the Orb.
     0 | D:1      | Reached XP level 1. HP: 18/18 MP: 1/1
    97 | D:1      | Reached XP level 2. HP: 17/25 MP: 2/2
   555 | D:1      | Reached XP level 3. HP: 28/30 MP: 3/3
   875 | D:2      | Reached XP level 4. HP: 24/37 MP: 4/4
  1117 | D:2      | Reached XP level 5. HP: 28/42 MP: 5/5
  1182 | D:2      | Found an ornate altar of the Wu Jian Council.
  1305 | D:3      | Noticed a phantom
  1330 | D:3      | Slain by a phantom

Vault maps used:
D:1:      matt_arrival_refuge
D:2:      lemuel_doored_altar
D:3:      grunt_temple_overflow_growth_and_decay, first_bread,
          kennysheep_generic_room_16

Skill      XL: |  1  2  3 |
---------------+----------+-----
Fighting       | 4 |  4.2
Armour         | 4 |  4.6
Axes           | 3 |  3.9
Dodging        | |  0.4
Stealth        | |  0.1
Shields        | |  3.9

Action                   |  1- 3 |  4- 6 || total
-------------------------+-------+-------++-------
Melee: War axe           |    86 |    57 ||   143
  Eat: Chunk             |       |     2 ||     2
Armor: Scale mail        |    31 |       ||    31
       Ring mail         |    10 |    30 ||    40
Dodge: Dodged            |    30 |    25 ||    55
Block: Shield            |    37 |    34 ||    71

Table legend:
 A = Spawn XP
 B = Non-spawn XP
 C = Spawn XP percentage of total XP
 D = Spawn monster count
 E = Non-spawn monster count
 F = Spawn count percentage of total count
 G = Total turns spent on level
                    A         B        C        D         E        F      G
               +---------+---------+-------+---------+---------+-------+---------
         Total |       0 |     193 |   0.0 |       0 |      46 |   0.0 |  1330
               +---------+---------+-------+---------+---------+-------+---------
           D:1 |       0 |      43 |   0.0 |       0 |      18 |   0.0 |   740
           D:2 |       0 |     128 |   0.0 |       0 |      23 |   0.0 |   534
           D:3 |       0 |      22 |   0.0 |       0 |       5 |   0.0 |    56
               +---------+---------+-------+---------+---------+-------+---------
